 Dungeon Crawl Stone Soup version 0.29.1-12-g30fa7ad0bf (webtiles) character file.

Game seed: 624905805094455452

66 concernfroge the Trooper (level 4, -1/50 HPs)
             Began as an Ogre Fighter on Jan 2, 2023.
             Killed from afar by Sigmund (9 damage)
             ... with a puff of flame
             ... on level 2 of the Dungeon.
             The game lasted 00:06:46 (1680 turns).

concernfroge the Trooper (Ogre Fighter)             Turns: 1680, Time: 00:06:48

Health: -1/50      AC:  3    Str: 22    XL:     4   Next: 15%
Magic:  4/4        EV: 12    Int:  9    God:
Gold:   64         SH:  7    Dex:  8    Spells: 3/3 levels left

rFire   . . .      SeeInvis .   a - +0 war axe
rCold   . . .      Faith    .   c - +0 kite shield
rNeg    . . .      Spirit   .   b - +0 robe
rPois   +          Reflect  .   (helmet restricted)
rElec   .          Harm     .   (no cloak)
rCorr   .          Rampage  .   (gloves unavailable)
Will    .....                   (boots unavailable)
Stlth   +.........              o - amulet of the acrobat
HPRegen 0.16/turn               f - +4 ring of evasion
MPRegen 0.09/turn               n - ring of poison resistance

@: mighty
A: large, unfitting armour, tough skin 1
a: no special abilities


You were on level 2 of the Dungeon.
You visited 1 branch of the dungeon, and saw 2 of its levels.

You collected 64 gold pieces.

Inventory:

Hand Weapons
 a - a +0 war axe (weapon)
Missiles
 e - 3 boomerangs (quivered)
Armour
 b - a +0 robe (worn)
 c - a +0 kite shield (worn)
Jewellery
 f - a +4 ring of evasion (left hand)
 n - a ring of poison resistance (right hand)
 o - an amulet of the acrobat (around neck)
Scrolls
 g - 2 scrolls of amnesia {unknown}
 h - 2 scrolls of identify {unknown}
 j - a scroll of summoning {unknown}
 l - a scroll of butterflies {unknown}
 m - a scroll of immolation {unknown}
 p - a scroll of vulnerability {unknown}
Potions
 i - a potion of curing {unknown}
 k - a potion of berserk rage {unknown}


   Skills:
 + Level 5.3 Fighting
 - Level 2.0 Axes
 - Level 2.6 Dodging
 + Level 4.0 Shields


You had 3 spell levels left.
You didn't know any spells.
Your spell library contained the following spells:

 Spells                   Type           Power      Damage    Failure   Level
 Beastly Appendage        Tmut           0%         N/A       67%         1
 Wereblood                Tmut           0%         N/A       80%         2
 Call Canine Familiar     Summ           0%         N/A       95%         3
 Spider Form              Tmut/Pois      0%         N/A       95%         3
 Malign Gateway           Summ/Tloc      0%         N/A       100%        7
 Polar Vortex             Ice            0%         N/A       100%        9


Dungeon Overview and Level Annotations

Branches:
Dungeon (2/15)

Altars:

Annotations:
D:2 Sigmund


Innate Abilities, Weirdness & Mutations

You are too large for most types of armour.
You have tough skin. (AC +1)


Message History

There is an open door here.
You open the door.
There is an open door here.
There is a stone staircase leading down, spattered with blood here.
Found a stone staircase leading up.
Sigmund casts a spell.
Sigmund flickers and vanishes!
Deactivating autopickup; reactivate with Ctrl-A.
You hear a zap.
A puff of flame appears from out of thin air!
The puff of flame misses you.
A rat comes into view.
You block the rat's attack.
There is a stone staircase leading up here.
You block the rat's attack. Something hits you.
You blink.
You can't go up here!
You closely miss something. Something hits you! Space warps around you.
You closely miss something. You hit the rat.
You kill the rat!
Something hits you. Space warps around you.
Okay, then.
You aren't carrying any items that you can evoke.
You feel very mighty all of a sudden.
You hear a zap.
A puff of flame appears from out of thin air!
The puff of flame hits you!
You barely miss something. Something hits you but does no damage.
You barely miss something.
You hear a zap.
A puff of flame appears from out of thin air!
The puff of flame hits you!
* * * LOW HITPOINT WARNING * * *
You closely miss something.
You hear a zap.
A puff of flame appears from out of thin air!
The puff of flame misses you.
You hear a zap.
A puff of flame appears from out of thin air!
The puff of flame hits you!
You die...

#.# ##.## #.# #.# ##.##
#.# #...## ##'##
#.###.## ##...## #. #.<#
##.....## #
#.###..######.......##
##
......{...#.........###.
#....†@..'.........##..
#.#....#.#.........#...
#.##.#.# ##...........#
#.#..#.# ##.....#....#
......# ##...#######
#.#. ### ##+# #.. ###


There were no monsters in sight!

Vanquished Creatures
  2 adders (D:2)
  3 worms (D:2)
  6 endoplasms
  2 giant cockroaches (D:1)
  4 goblins
  3 hobgoblins
  2 kobolds (D:2)
  2 quokkas
  2 ball pythons
  4 bats
  2 frilled lizards (D:2)
  5 rats
37 creatures vanquished.

Notes
Turn   | Place    | Note
-------+----------+-------------------------------------------
     0 | D:1      | concernfroge the Ogre Fighter began the quest for the Orb.
     0 | D:1      | Reached XP level 1. HP: 24/24 MP: 1/1
   110 | D:1      | Reached XP level 2. HP: 31/33 MP: 2/2
   129 | D:1      | Got Hiriotidgh's Codex of the Chill and Apparitions
   688 | D:2      | Found a faded altar of an unknown god.
   717 | D:2      | Noticed Sigmund
   767 | D:2      | Reached XP level 3. HP: 33/41 MP: 3/3
  1001 | D:2      | Reached skill level 5 in Fighting
  1332 | D:2      | Reached XP level 4. HP: 50/50 MP: 4/4
  1680 | D:2      | Killed from afar by Sigmund

Illustrated notes

Levels and vault maps discovered:
D:1:      zaba_arrival_water, layout_rooms
D:2:      layout_loops_corners, hellmonk_ecumenical_altar_crossroads,
          uniq_sigmund

Skill      XL: |  1  2  3 |
---------------+----------+-----
Fighting       | 5 |  5.3
Shields        | 4 |  4.0
Axes           | |  2.0
Dodging        | |  2.6

Action                   |  1- 3 |  4- 6 || total
-------------------------+-------+-------++-------
Melee: War axe           |   113 |    17 ||   130
  Use: Potion            |       |     1 ||     1
Armor: Robe              |    23 |     1 ||    24
Dodge: Dodged            |    47 |     4 ||    51
Block: Kite shield       |    42 |     6 ||    48
